 Dungeon Crawl Stone Soup version 0.22.0-75-g3901e79 (webtiles) character file.

221 PaladinM the Slasher (level 6, -3/44 HPs)
             Began as a Human Skald on Sept 11, 2018.
             Was an Initiate of the Shining One.
             Slain by a hound (6 damage)
             ... on level 3 of the Dungeon.
             The game lasted 00:15:54 (2623 turns).

PaladinM the Slasher (Human Skald)                  Turns: 2623, Time: 00:15:54

Health: -3/44      AC:  6    Str: 12    XL:     6   Next: 18%
Magic:  5/9        EV: 12    Int: 14    God:    the Shining One [......]
Gold:   140        SH:  0    Dex: 13    Spells: 3/9 levels left

rFire    . . .     SeeInvis .   a - +0 falchion
rCold    . . .     Gourm    .   (no shield)
rNeg     . . .     Faith    .   b - +0 leather armour
rPois    .         Spirit   .   (no helmet)
rElec    .         Reflect  .   (no cloak)
rCorr    .         Harm     .   (no gloves)
MR       +....                  h - +2 pair of boots
Stlth    ..........             j - amulet of regeneration
HPRegen  0.54/turn              i - ring of protection from magic
MPRegen  0.11/turn              s - ring of attention (curse)

@: lethally poisoned (-3 -> -3), flying, very slightly contaminated, glowing
A: no striking features
a: Renounce Religion


You were on level 3 of the Dungeon.
You worshipped the Shining One.
The Shining One was noncommittal.
You were near starving.

You visited 1 branch of the dungeon, and saw 6 of its levels.

You collected 140 gold pieces.

Inventory:

Hand Weapons
 a - a +0 falchion (weapon)
Armour
 b - a +0 leather armour (worn)
 h - a +2 pair of boots (worn)
Jewellery
 i - a ring of protection from magic (left hand)
 j - an amulet of regeneration (around neck)
 o - an uncursed ring of magical power
 s - a cursed ring of attention (right hand)
Scrolls
 e - 4 scrolls of identify {unknown}
 g - a scroll of enchant armour {unknown}
 k - a scroll of fog {unknown}
 m - a scroll of blinking {unknown}
Potions
 c - a potion of haste {unknown}
 l - a potion of invisibility {unknown}
 n - a potion of ambrosia {unknown}
 p - a potion of brilliance {unknown}
 q - a potion of lignification {unknown}
 r - a potion of might {unknown}
Comestibles
 d - 6 rations


   Skills:
 - Level 2.0 Fighting
 + Level 6.0 Long Blades
 - Level 1.0 Armour
 - Level 2.0 Dodging
 - Level 2.0 Spellcasting
 - Level 3.0 Charms


You had 3 spell levels left.
You knew the following spells:

 Your Spells              Type           Power        Failure   Level  Hunger
a - Infusion              Chrm           #...         9%          1    ##.....
b - Shroud of Golubria    Chrm/Tloc      #.........   24%         2    ###....
c - Spectral Weapon       Hex/Chrm       #.......     43%         3    ####...

Your spell library contained the following spells:

 Spells                   Type           Power        Failure   Level  Hunger
 Song of Slaying          Chrm           #.......     13%         2    ###....
 Regeneration             Chrm/Necr      #.........   43%         3    ####...


Dungeon Overview and Level Annotations

Branches:
Dungeon (6/15)
 Temple: D:4-7

Altars:
Vehumet
Yredelemnul
The Shining One

Annotations:
D:3 Sigmund


Message History

Casting: Shroud of Golubria (safe; 24% risk of failure)
Confirm with . or Enter, or press ? or * to list all spells.
You miscast Shroud of Golubria.
You are very lightly contaminated with residual magic.
Strange energies run through your body. The goblin closely misses you.
You barely miss the goblin.
You feel sick. The hound closely misses you.
You riposte.
You miss the hound. The goblin hits you but does no damage.
The hound bites you.
* * * LOW HITPOINT WARNING * * *
You feel sick. The hound misses you. The hound closely misses you.
The scorpion misses you.
The hound pauses to sniff the ground.
The hound bites you but does no damage.
You feel sick. The hound bites you.
* * * LOW HITPOINT WARNING * * *
It was a potion of flight.
You feel very buoyant.
You fly up into the air.
You feel sick. The hound bites you.
You die...

#. #.# ####.# #. ... #.##.# ###
...#.#####+###g#########
%.............sh@.......
...#..#.##...g.################
...............# #.........
...>..#!####.### #.########
..###.#.# #.# ####.#######. >
#.#.# #.# #.@..<....... #.#.#
#.# #.##.#######. ....# #.#
#.##.# .#. .....###.##.#


You could see a scorpion, a hound and 2 goblins.

Vanquished Creatures
  A scorpion (D:5)
  An orc priest (D:3)
  2 orc wizards (D:3)
  A gnoll (D:2)
  4 adders
  A shadow imp (D:5)
  A dart slug (D:2)
  A leopard gecko (D:1)
  4 orcs
  3 bats
  A giant cockroach (D:1)
  3 goblins
  7 hobgoblins
  2 jackals (D:2)
  2 frilled lizards (D:2)
  A kobold (D:1)
  4 rats
39 creatures vanquished.

Notes
Turn   | Place    | Note
-------+----------+-------------------------------------------
     0 | D:1      | PaladinM the Human Skald began the quest for the Orb.
     0 | D:1      | Reached XP level 1. HP: 16/16 MP: 3/3
   433 | D:1      | Reached XP level 2. HP: 17/22 MP: 5/5
   437 | D:1      | Learned a level 2 spell: Shroud of Golubria
   592 | D:1      | Reached skill level 3 in Long Blades
  1056 | D:2      | Reached XP level 3. HP: 27/27 MP: 3/6
  1350 | D:3      | Reached skill level 4 in Long Blades
  1350 | D:3      | Reached XP level 4. HP: 17/33 MP: 7/7
  1495 | D:3      | Reached XP level 5. HP: 21/38 MP: 8/8
  1545 | D:3      | Reached skill level 5 in Long Blades
  1913 | D:2      | Found a faded altar of an unknown god.
  2133 | D:3      | Learned a level 3 spell: Spectral Weapon
  2145 | D:3      | Noticed Sigmund
  2281 | D:3      | You fall through a shaft for 2 floors!
  2281 | D:5      | Entered Level 5 of the Dungeon
  2289 | D:5      | Found a glowing golden altar of the Shining One.
  2305 | D:5      | Reached XP level 6. HP: 34/44 MP: 6/9
  2310 | D:5      | Became a worshipper of the Shining One
  2346 | D:5      | Found a basalt altar of Yredelemnul.
  2364 | D:5      | Found a radiant altar of Vehumet.
  2365 | D:5      | Noticed a sky beast
  2381 | D:5      | HP: 1/44 [something (6)]
  2564 | D:5      | Reached skill level 6 in Long Blades
  2623 | D:3      | Slain by a hound

Skill      XL: |  1  2  3  4  5  6 |
---------------+-------------------+-----
Long Blades    | 3 4 5 6 |  6.0
Fighting       | |  2.0
Armour         | |  1.0
Dodging        | |  2.0
Spellcasting   | |  2.0
Charms         | |  3.0

Action                   |  1- 3 |  4- 6 || total
-------------------------+-------+-------++-------
Melee: Falchion          |    53 |    99 ||   152
 Cast: Shroud of Golubri |     1 |     5 ||     6
       Spectral Weapon   |       |     2 ||     2
  Use: Potion            |       |     1 ||     1
  Eat: Chunk             |     1 |     4 ||     5
Armor: Leather armour    |    21 |    36 ||    57
Dodge: Dodged            |    42 |    63 ||   105
       Rpst.: Falchion   |    10 |    17 ||    27
